 Dungeon Crawl Stone Soup version 0.31-a0-986-g5e6e4ef867 (webtiles) character file.

Game seed: 9028466645261926563

403 DocClef the Ruffian (level 6, 0/59 HPs)
             Began as a Troll Shapeshifter on Nov 11, 2023.
             Slain by a hound (5 damage)
             ... on level 4 of the Dungeon.
             The game lasted 00:03:13 (1873 turns).

DocClef the Ruffian (Troll Shapeshifter)            Turns: 1873, Time: 00:03:13

Health: 0/59       AC:  4    Str: 25    XL:     6   Next: 55%
Magic:  5/5        EV: 10    Int:  6    God:
Gold:   136        SH:  0    Dex:  9    Spells: 5/5 levels left

rFire   + .          .
                       - Unarmed
rCold   . . .        (no shield)
rNeg    . . .        a - +0 animal skin
rPois   .            (helmet currently unavailable)
rElec   .            (cloak currently unavailable)
rCorr   .            (gloves unavailable)
SInv    .            (boots unavailable)
Will    .....        (no amulet)
Stlth   +            k - +4 ring of slaying
HPRegen 1.09/turn    j - ring of protection from fire
MPRegen 0.09/turn

%: no passive effects
@: beast-form
A: beast (slay +2), large, unfitting armour, claws 3, regeneration 1, shaggy fur
1, tough skin 1
a: Begin Untransformation


You were on level 4 of the Dungeon.
You were a hulking beast.
You visited 1 branch of the dungeon, and saw 4 of its levels.

You collected 136 gold pieces.

Inventory:

Armour
 a - a +0 animal skin (worn)
Jewellery
 g - a ring of protection from fire
 j - a ring of protection from fire (right claw)
 k - a +4 ring of slaying (left claw)
Talismans
 c - a beast talisman
 d - a flux talisman
Scrolls
 e - a scroll of blinking {unknown}
 f - 4 scrolls of teleportation {unknown}
 h - a scroll of identify {unknown}
 m - a scroll of revelation {unknown}
 o - a scroll of silence {unknown}
Potions
 b - 2 potions of lignification
 i - a potion of attraction {unknown}
 l - 2 potions of might {unknown}
 n - a potion of heal wounds


   Skills:
 + Level 2.7 Fighting
 + Level 3.1 Dodging
 + Level 4.5 Unarmed Combat
 + Level 4.2 Shapeshifting


You had 5 spell levels left.
You didn't know any spells.
Your spell library was empty.

Dungeon Overview and Level Annotations

Branches:
Dungeon (4/15)
 Temple: D:4-7

Altars:

Annotations:
D:3 3 runed translucent doors, Adrian566's ghost, amateur DsGl; jasper's ghost, amateur DsCA; sammy202020's ghost, weakling DsSh; wally255's ghost, amateur OpFi


Innate Abilities, Weirdness & Mutations

You are a hulking beast.
Your limbs bulge with bestial killing power. (Slay +2)
You are too large for most types of armour.
You have claws for hands.
Your natural rate of healing is unusually fast.
You are covered in fur. (AC +1)
You have tough skin. (AC +1)


Message History

You claw the gnoll!
The gnoll is severely wounded.
The gnoll hits you with a +0 club.
You claw the gnoll!
You kill the gnoll!
You see here an iguana corpse.
The gnoll bouda barks out a call to the hunt!
The gnoll bouda hits you but does no damage.
The gnoll hits you from afar with a +0 spear.
You closely miss the gnoll bouda.
The gnoll bouda hits you with a +0 club.
A hound comes into view.
The gnoll hits you from afar with a +0 spear.
* * * LOW HITPOINT WARNING * * *
The hound barks!
You mangle the gnoll bouda!!
You kill the gnoll bouda!
The gnoll hits you from afar with a +0 spear.
* * * LOW HITPOINT WARNING * * *
The gnoll hits you with a +0 spear!
* * * LOW HITPOINT WARNING * * *
Items here: ) [ ††.
You completely miss the gnoll. The gnoll hits you with a +0 spear.
* * * LOW HITPOINT WARNING * * *
You claw the gnoll!
The gnoll is severely wounded.
The gnoll hits you but does no damage.
You closely miss the gnoll.
The gnoll is severely wounded.
The gnoll hits you with a +0 spear.
* * * LOW HITPOINT WARNING * * *
You claw the gnoll!
You kill the gnoll!
The hound pauses to sniff the ground.
The hound bites you but does no damage.
You barely miss the hound. The hound bites you but does no damage.
You scratch the hound.
The hound is lightly wounded.
The hound bites you.
You die...

#.###.........
#.##..........
#.##..........
#.##.........†
#.##........>.
##..#.........)
#...#..........
######.#.##.........
#ghh...#..##.....#>.
#.##########.#######
#)#####... #. #
##ggg.g# # #.###.# #
#.. .. ###. ..# ..
.## ..


You could see a hound and a gnoll (swift).

Vanquished Creatures
  Duvessa (D:4)
  Dowan (D:4)
  A gnoll bouda (D:4)
  2 hounds (D:4)
  An iguana (D:4)
  Terence (D:3)
  3 gnolls (D:4)
  4 adders
  A worm (D:4)
  2 dart slugs
  An orc (D:3)
  7 bats
  2 endoplasms (D:1)
  2 giant cockroaches
  5 goblins
  2 hobgoblins
  3 jackals (D:4)
  A quokka (D:2)
  4 ball pythons
  2 frilled lizards
  9 kobolds
  2 rats
57 creatures vanquished.

Notes
Turn   | Place    | Note
-------+----------+-------------------------------------------
     0 | D:1      | DocClef the Troll Shapeshifter began the quest for the Orb.
     0 | D:1      | Reached XP level 1. HP: 18/18 MP: 0/0
    66 | D:1      | Reached skill level 1 in Fighting
   114 | D:1      | Reached XP level 2. HP: 27/27 MP: 1/1
   288 | D:1      | Found a faded altar of an unknown god.
   709 | D:2      | Reached XP level 3. HP: 33/33 MP: 2/2
  1227 | D:3      | Noticed Terence
  1242 | D:3      | Killed Terence
  1243 | D:3      | Reached XP level 4. HP: 24/42 MP: 3/3
  1341 | D:3      | Found a runed translucent gate.
  1342 | D:3      | Found a runed translucent gate.
  1342 | D:3      | Found a runed translucent gate.
  1343 | D:3      | Noticed Adrian566's ghost (amateur DsGl)
  1343 | D:3      | Noticed wally255's ghost (amateur OpFi)
  1343 | D:3      | Noticed sammy202020's ghost (weakling DsSh)
  1343 | D:3      | Noticed jasper's ghost (amateur DsCA)
  1710 | D:4      | Noticed Duvessa
  1711 | D:4      | Noticed Dowan
  1720 | D:4      | Killed Duvessa
  1721 | D:4      | Reached XP level 5. HP: 28/50 MP: 4/4
  1729 | D:4      | Killed Dowan
  1730 | D:4      | Reached XP level 6. HP: 17/59 MP: 5/5
  1870 | D:4      | HP: 2/59 [gnoll/+0 spear[a gnoll bouda] (4)]
  1873 | D:4      | Slain by a hound

Illustrated notes

Levels and vault maps discovered:
D:1:      dpeg_arrival_more_subterranean_lakeside_camping, layout_basic,
          chequers_ecumenical_altar_simple, reono_crystal_passage,
          minmay_crystal_room
D:2:      layout_basic
D:3:      layout_basic, gammafunk_ghost_cemetery, minmay_liquid_box,
          item_on_display_a, uniq_terence
D:4:      layout_rooms, mainiacjoe_overflow_swirl, lightli_minifort, uniq_pikel,
          uniq_duvessa

Skill      XL: |  1  2  3  4  5  6 |
---------------+-------------------+-----
Fighting       | 1 2 |  2.7
Dodging        | 2 3 |  3.1
Unarmed Combat | 4 |  4.5
Shapeshifting  | 4 |  4.2

Action                     |  1- 3 |  4- 6 || total
---------------------------+-------+-------++-------
  Melee: Unarmed           |    79 |    60 ||   139
         Punch             |     1 |     4 ||     5
    Use: Potion            |     2 |       ||     2
   Stab: Sleeping          |       |     1 ||     1
 Armour: Animal skin       |    45 |    51 ||    96
         Skin              |    16 |       ||    16
  Dodge: Dodged            |    40 |    23 ||    63

Table legend: (Time is in decaauts)
 A = Elapsed time spent in this place.
 B = Non-inter-level travel time spent in this place.
 C = Inter-level travel time spent in this place.
 D = Time resting spent in this place.
 E = Time spent auto-exploring this place.
 F = Levels seen in this place.
 G = Mean time per level.
                   A        B        C        D        E       F      G
               +--------+--------+--------+--------+--------+-----+--------+
         Total |   1861 |   1777 |     84 |      0 |   1415 |   4 |  465.2 |
       Dungeon |   1861 |   1777 |     84 |      0 |   1415 |   4 |  465.2 |
               +--------+--------+--------+--------+--------+-----+--------+

Top non-repeatable levels by time:
     D:1: 586 daAuts
     D:3: 539 daAuts
     D:2: 515 daAuts
     D:4: 221 daAuts
